 Dungeon Crawl Stone Soup version 0.29-a0-559-g359e09b9d1 (webtiles) character file.

Game seed: 13520951132891653925

18 xian the Slasher (level 2, -2/25 HPs)
             Began as a Draconian Gladiator on June 10, 2022.
             Slain by a hobgoblin (3 damage)
             ... on level 1 of the Dungeon.
             The game lasted 00:00:49 (624 turns).

xian the Slasher (Draconian Gladiator)               Turns: 624, Time: 00:00:51

Health: -2/25      AC:  4    Str: 16    XL:     2   Next: 51%
Magic:  2/2        EV: 12    Int:  8    God:
Gold:   22         SH:  0    Dex: 12    Spells: 1/1 levels left

rFire   . . .      SeeInvis .   a - +0 long sword
rCold   . . .      Faith    .   (no shield)
rNeg    . . .      Spirit   .   (body armour unavailable)
rPois   .          Reflect  .   b - +0 hat
rElec   .          Harm     .   (no cloak)
rCorr   .          Rampage  .   (no gloves)
Will    .....                   (no boots)
Stlth   +.........              (no amulet)
HPRegen 0.08/turn               (no ring)
MPRegen 0.08/turn               (no ring)

@: lethally poisoned (-2 -> -4)
A: AC +4, unfitting armour, cold-blooded
a: no special abilities


You were on level 1 of the Dungeon.
You visited 1 branch of the dungeon, and saw 1 of its levels.

You collected 22 gold pieces.

Inventory:

Hand Weapons
 a - a +0 long sword (weapon)
Missiles
 c - 3 throwing nets (quivered)
 d - a javelin
Armour
 b - a +0 hat (worn)
Scrolls
 f - a scroll of identify
 g - 2 scrolls of teleportation {unknown}
Potions
 e - a potion of lignification
 h - a potion of attraction {unknown}


   Skills:
 + Level 2.4 Fighting
 + Level 3.4 Long Blades
 + Level 1.9 Throwing
 + Level 3.0 Dodging


You had one spell level left.
You didn't know any spells.
Your spell library was empty.

Dungeon Overview and Level Annotations

Branches:
Dungeon (1/15)

Altars:


Innate Abilities, Weirdness & Mutations

Your plain brown scales are hard. (AC +4)
You cannot fit into any form of body armour.
You are cold-blooded and may be slowed by cold attacks.


Message History

A goblin comes into view. It is wielding a +2 dagger of venom.
Things that are here:
a +0 dagger; a goblin corpse The goblin shouts!
The kobold closely misses you. The kobold attacks as you move away!
The kobold hits you but does no damage.
The kobold throws a stone.
The stone misses you.
An endoplasm, a bat and a hobgoblin come into view.
The hobgoblin shouts!
The bat moves out of view.
Unknown command.
You barely miss the goblin.
The goblin hits you with a +2 dagger of venom.
The bat hits you but does no damage. The goblin hits you but does no damage.
You are poisoned.
The kobold hits you with a +0 dagger.
You slash the goblin!
You kill the goblin!
You feel very sick. The bat hits you but does no damage.
The kobold barely misses you. The bat hits you but does no damage.
The kobold attacks as you move away! The kobold closely misses you.
You feel sick. The bat hits you but does no damage.
You see here a +2 dagger of venom.
You feel sick. The endoplasm barely misses you.
Unknown command.
You closely miss the kobold.
You feel sick. The kobold barely misses you. The endoplasm hits you.
You miss the kobold.
You feel sick. The kobold barely misses you. The endoplasm freezes you.
You are frozen.
* * * LOW HITPOINT WARNING * * *
You barely miss the kobold.
You feel sick. The endoplasm freezes you.
You are frozen.
* * * LOW HITPOINT WARNING * * *
The kobold hits you with a +0 dagger.
* * * LOW HITPOINT WARNING * * *
The hobgoblin hits you.
You die...

# # # .##
#.##.##.####
......g....#
..##.##@#
.....bJK#
.##...#.#
##.##.# ### #
#.##.# ## #.. .
#.#.)##..###
#.# #
#..!.......#
#.# #
#..#######.#
#.#
...###..#.....#
#.#


You could see an endoplasm, a hobgoblin, a bat and a kobold.

Vanquished Creatures
  A dart slug (D:1)
  A giant cockroach (D:1)
  6 goblins (D:1)
  A hobgoblin (D:1)
  2 kobolds (D:1)
  A ball python (D:1)
  2 bats (D:1)
14 creatures vanquished.

Notes
Turn   | Place    | Note
-------+----------+-------------------------------------------
     0 | D:1      | xian the Draconian Gladiator began the quest for the Orb.
     0 | D:1      | Reached XP level 1. HP: 17/17 MP: 1/1
    32 | D:1      | Found a faded altar of an unknown god.
   330 | D:1      | Reached XP level 2. HP: 15/25 MP: 2/2
   624 | D:1      | HP: 1/25 [kobold/+0 dagger (3)]
   624 | D:1      | Slain by a hobgoblin

Illustrated notes

Levels and vault maps discovered:
D:1:      elethiomel_arrival_shortcut, layout_loops_ring,
          ebering_ecumenical_altar_box, minmay_split_cup_large

Skill      XL: |  1  2 |
---------------+-------+-----
Dodging        | 3 |  3.0
Fighting       | |  2.4
Long Blades    | |  3.4
Throwing       | |  1.9

Action                   || total
-------------------------++-------
Melee: Long sword        ||    56
       Tailslap          ||     1
  Use: Scroll            ||     1
Armor: Skin              ||    37
Dodge: Dodged            ||    46

Table legend: (Time is in decaauts)
 A = Elapsed time spent in this place.
 B = Non-inter-level travel time spent in this place.
 C = Inter-level travel time spent in this place.
 D = Time resting spent in this place.
 E = Time spent auto-exploring this place.
 F = Levels seen in this place.
 G = Mean time per level.
                   A        B        C        D        E       F      G
               +--------+--------+--------+--------+--------+-----+--------+
         Total |    636 |    636 |      0 |      0 |    482 |   1 |  636.0 |
       Dungeon |    636 |    636 |      0 |      0 |    482 |   1 |  636.0 |
               +--------+--------+--------+--------+--------+-----+--------+

Top non-repeatable levels by time:
     D:1: 636 daAuts
